 Dungeon Sprint DCSS version 0.28-a0-233-gb8ca4b6547 (webtiles) character file.

Game seed: 13741661207882709458

28 tbh1313 the Carver (level 3, -7/31 HPs)
             Began as a Minotaur Berserker on Aug 22, 2021.
             Was a Believer of Trog.
             Mangled by a human (8 damage)
             ... in the Dungeon (Sprint III: "The Ten Rune Challenge").
             The game lasted 00:00:24 (121 turns).

tbh1313 the Carver (Minotaur Berserker)              Turns: 121, Time: 00:00:25

Health: -7/31      AC:  2    Str: 21    XL:     3   Next: 0%
Magic:  2/2        EV: 12    Int:  5    God:    Trog [**....]
Gold:   0          SH:  0    Dex:  9    Spells: 2/2 levels left

rFire   . . .      SeeInvis .   a - +0 falchion
rCold   . . .      Faith    .   (no shield)
rNeg    . . .      Spirit   .   b - +0 animal skin
rPois   .          Reflect  .   (helmet restricted)
rElec   .          Harm     .   (no cloak)
rCorr   .          Rampage  .   (no gloves)
Will    .....      NoTele   +   (no boots)
Stlth   +.........              (no amulet)
HPRegen 0.10/turn               (no ring)
MPRegen 0.08/turn               (no ring)

@: no status effects
A: horns 2, retaliatory headbutt
a: Renounce Religion, Berserk, Trog's Hand


You were in the Dungeon.
You worshipped Trog.
Trog was pleased with you.
You visited 1 branch

Inventory:

Hand Weapons
 a - a +0 falchion (weapon)
Armour
 b - a +0 animal skin (worn)
Scrolls
 h - a scroll of blinking
Potions
 c - a potion of curing
 d - a potion of heal wounds
 e - a potion of haste
 f - 2 potions of magic
 g - a potion of berserk rage
 i - a potion of flight


   Skills:
 - Level 3.6 Fighting
 + Level 8.1 Long Blades
 - Level 2.4 Armour
 - Level 2.1 Dodging


You had 2 spell levels left.
You didn't know any spells.
Your spell library was empty.

Dungeon Overview and Level Annotations

Branches:
Dungeon (1/1)

Altars:


Innate Abilities, Weirdness & Mutations

You have a pair of horns on your head.
You reflexively headbutt those who attack you in melee.


Message History

You have reached level 3!
Your experience leads to an increase in your attributes!
Increase (S)trength, (I)ntelligence, or (D)exterity?
You feel clever.
Things that are here:
a +0 dagger; a +0 robe; the human corpse of Jessica
j - a scroll labelled KEIMIR TEVIHI
As you read the scroll labelled KEIMIR TEVIHI, it crumbles to dust.
It is a scroll of identify.
i - a potion of flight You open the door.
There is an open door here.
A human comes into view.
The human shouts!
You closely miss the human. You hit the human. Your headbutt misses the human.
The human is lightly wounded.
The human hits you.
You hit the human. Your headbutt misses the human.
The human is moderately wounded.
The human hits you!
You slash the human! Your headbutt misses the human.
The human is severely wounded.
The human hits you!
You hit the human.
The human is severely wounded.
The human hits you.
You hit the human.
The human is almost dead.
The human hits you!
* * * LOW HITPOINT WARNING * * *
You barely miss the human.
You headbutt the human, but do no damage.
The human is almost dead.
The human hits you.
* * * LOW HITPOINT WARNING * * *
You barely miss the human.
The human is almost dead.
The human hits you!
You die...

▓..†..#
▓.....#...≈≈♣♣.♣
▓.....#..≈≈≈≈♣.♣ .
▓####'#..≈≈≈≈≈≈♣..
▓...)†#.≈≈≈≈≈≈....
▓.....#.≈≈≈≈≈.....
▓.....#.≈≈≈.......
▓'#####...........
▓.........@p......
▓▓▓▓▓▓▓▓▓▓▓▓▓▓▓▓▓▓


You could see a human.

Levels and vault maps discovered:
D:        dungeon_sprint_mu [sprint_mu_entry_forest, sprint_mu_temple_rooms,
          sprint_mu_d1_horrors, sprint_mu_d2_genie, sprint_mu_d3_branching,
          sprint_mu_orc_legion, sprint_mu_elf_gauntlet, sprint_mu_hive_nellie,
          sprint_mu_lair_fedhas, sprint_mu_vaults_butterflies,
          sprint_mu_slime_circle, sprint_mu_swamp_cave, sprint_mu_shoals_kraken,
          sprint_mu_blade_basic, sprint_mu_crypt_lich, sprint_mu_tomb_spiral,
          sprint_mu_vestibule_basic, sprint_mu_gehenna_hellfire,
          sprint_mu_dis_giant, sprint_mu_tartarus_statrot,
          sprint_mu_cocytus_islands, sprint_mu_zot1]

Notes
Turn   | Place    | Note
-------+----------+-------------------------------------------
     0 | D        | tbh1313 the Minotaur Berserker began the quest for the Orb.
     0 | D        | Reached XP level 1. HP: 19/19 MP: 0/0
     4 | D        | Reached skill level 4 in Long Blades
    73 | D        | Noticed Jessica
    74 | D        | Reached ** piety under Trog
    75 | D        | Reached skill level 5 in Long Blades
    77 | D        | Killed Jessica
    78 | D        | Reached skill level 8 in Long Blades
    78 | D        | Reached XP level 2. HP: 24/26 MP: 1/1
    78 | D        | Reached XP level 3. HP: 28/31 MP: 2/2
   119 | D        | HP: 3/31 [human (7)]
   120 | D        | HP: 1/31 [human (2)]
   121 | D        | Mangled by a human

Table legend: (Time is in decaauts)
 A = Elapsed time spent in this place.
 B = Non-inter-level travel time spent in this place.
 C = Inter-level travel time spent in this place.
 D = Time resting spent in this place.
 E = Time spent auto-exploring this place.
 F = Levels seen in this place.
 G = Mean time per level.
                   A        B        C        D        E       F      G
               +--------+--------+--------+--------+--------+-----+--------+
         Total |    120 |    120 |      0 |      0 |     90 |   1 |  120.0 |
       Dungeon |    120 |    120 |      0 |      0 |     90 |   1 |  120.0 |
               +--------+--------+--------+--------+--------+-----+--------+

Top non-repeatable levels by time:
       D: 120 daAuts

Table legend:
 A = Kills in this place as a percentage of kills in entire the game.
 B = Kills by you in this place as a percentage of kills by you in the entire game.
 C = Kills by friends in this place as a percentage of kills by friends in the entire game.
 D = Other kills in this place as a percentage of other kills in the entire game.
 E = Experience gained in this place as a percentage of experience gained in the entire game.
 F = Experience gained in this place divided by the number of levels of this place that you have seen.
                   A       B       C       D       E      F
               +-------+-------+-------+-------+-------+----------------------
         Total | 100.0 | 100.0 |   N/A |   N/A | 100.0 |  41.0
       Dungeon | 100.0 | 100.0 |   N/A |   N/A | 100.0 |  41.0
               +-------+-------+-------+-------+-------+----------------------

Action                   || total
-------------------------++-------
Melee: Falchion          ||    17
       Headbutt          ||     3
  Use: Scroll            ||     1
Dodge: Dodged            ||     7
       Rpst.: Falchion   ||     2

Vanquished Creatures
  Jessica (D)
  An endoplasm (D)
  2 rats (D)
4 creatures vanquished.

Vanquished Creatures (others)
  3 plants (D)
3 creatures vanquished.

Grand Total: 7 creatures vanquished
